 Dungeon Crawl Stone Soup version 0.29-a0-617-g7a6b98fccd (webtiles) character file.

Game seed: 5730232747156680396

25 wilfster70 the Poker (level 2, -3/22 (24) HPs)
             Began as a Demonspawn Chaos Knight on June 18, 2022.
             Was a Plaything of Xom.
             Slain by an iron imp (7 damage)
             ... summoned by Xom
             ... on level 2 of the Dungeon.
             The game lasted 00:02:12 (710 turns).

wilfster70 the Poker (Demonspawn Chaos Knight)       Turns: 710, Time: 00:02:12

HP:   -3/22 (24)    AC:  7    Str: 12      XL:     2   Next: 82%
MP:   2/2           EV: 10    Int: 13      God:    Xom [.....*]
Gold: 44            SH:  0    Dex: 10 (12) Spells: 1/1 levels left

rFire   . . .      SeeInvis .   a - +0 spear (chaos)
rCold   . . .      Faith    .   (no shield)
rNeg    . . .      Spirit   .   i - +0 ring mail
rPois   .          Reflect  .   (no helmet)
rElec   .          Harm     .   (no cloak)
rCorr   .          Rampage  .   (no gloves)
Will    .....                   g - +1 pair of boots
Stlth   ..........              (no amulet)
HPRegen 0.07/turn               (no ring)
MPRegen 0.16/turn               (no ring)

@: drained
A: magic regeneration
a: Renounce Religion


You were on level 2 of the Dungeon.
You worshipped Xom.
You were Xom's teddy bear.
You visited 1 branch of the dungeon, and saw 2 of its levels.

You collected 44 gold pieces.

Inventory:

Hand Weapons
 a - a +0 spear of chaos (weapon)
Missiles
 b - 3 poisoned darts
Armour
 g - a +1 pair of boots (worn)
 i - a +0 ring mail (worn)
Scrolls
 f - a scroll of poison {unknown}
 h - 2 scrolls of identify {unknown}
 l - a scroll of enchant weapon {unknown}
 m - a scroll of blinking {unknown}
 o - a scroll of immolation {unknown}
Potions
 d - a potion of attraction {unknown}
 e - a potion of heal wounds {unknown}
 j - a potion of cancellation {unknown}
 k - a potion of magic {unknown}
 n - a potion of haste {unknown}
Miscellaneous
 c - a piece from Xom's chessboard (15/15) (quivered)


   Skills:
 + Level 3.2 Fighting
 * Level 3.3 Polearms
 + Level 2.1 Armour
 - Level 0.8 Dodging


You had one spell level left.
You didn't know any spells.
Your spell library contained the following spells:

 Spells                   Type           Power      Damage    Failure   Level
 Portal Projectile        Hex/Tloc       0%         N/A       90%         3
 Tukima's Dance           Hex            0%         N/A       90%         3
 Blade Hands              Tmut           0%         N/A       100%        5


Dungeon Overview and Level Annotations

Branches:
Dungeon (2/15)

Altars:


Innate Abilities, Weirdness & Mutations

You regenerate magic rapidly.


Message History

You barely miss the quasit.
The quasit is heavily wounded.
The quasit disappears in a puff of smoke!
You barely miss the iron imp. The iron imp hits you.
You are too injured to fight recklessly!
You are too injured to fight recklessly!
You are too injured to fight recklessly!
You are too injured to fight recklessly!
You are too injured to fight recklessly!
You are too injured to fight recklessly!
You are too injured to fight recklessly!
You are too injured to fight recklessly!
You are too injured to fight recklessly!
You are too injured to fight recklessly!
You are too injured to fight recklessly!
You are too injured to fight recklessly!
You are too injured to fight recklessly!
You are too injured to fight recklessly!
You are too injured to fight recklessly!
You are too injured to fight recklessly!
You are too injured to fight recklessly!
You are too injured to fight recklessly!
You are too injured to fight recklessly!
You are too injured to fight recklessly!
You hit the iron imp.
The iron imp seems to speed up.
Xom is amused.
The iron imp is moderately wounded.
The iron imp closely misses you.
You hit the iron imp but do no damage.
The iron imp is moderately wounded.
The iron imp hits you!
* * * LOW HITPOINT WARNING * * *
A shower of butterflies erupts from you!
You completely miss the iron imp.
The iron imp is moderately wounded.
The iron imp hits you but does no damage.
You closely miss the iron imp.
The iron imp is moderately wounded.
The iron imp hits you!
You die...

### .. .. +#. .# #.. .. ..#.# #
.# ##.#.#.# .##
##############.#....#.#.##.##
####...........@5.b.b......... .
........#########...<.......# .
........#####...##########.#####
....>...'...'...................
........#####............#.#####
........# #............#)#
........# #............#†#
######### #............#.#
####.........#.#


You could see an iron imp (summoned, fast, ally target).

Vanquished Creatures
  A worm (D:2)
  A ball python (D:2)
  A bat (D:1)
  An endoplasm (D:1)
  A giant cockroach (D:1)
  2 goblins (D:1)
  A hobgoblin (D:1)
  5 kobolds (D:1)
  3 frilled lizards
  6 rats
22 creatures vanquished.

Notes
Turn   | Place    | Note
-------+----------+-------------------------------------------
     0 | D:1      | wilfster70 the Demonspawn Chaos Knight began the quest for
                  | the Orb.
     0 | D:1      | Reached XP level 1. HP: 18/18 MP: 1/1
    86 | D:1      | XOM: divination: detect creatures
   156 | D:1      | Gained mutation: You regenerate magic rapidly. [demonic
                  | ancestry]
   156 | D:1      | Reached XP level 2. HP: 24/24 MP: 2/2
   180 | D:1      | XOM: divination: detect items
   273 | D:1      | You fall into a shaft and drop 1 floor!
   276 | D:2      | XOM: silly message
   533 | D:1      | XOM: divination: detect creatures
   563 | D:2      | XOM: cleaving
   684 | D:2      | XOM: summons 2 hostile demons
   708 | D:2      | XOM: butterfly on damage
   710 | D:2      | Slain by an iron imp

Illustrated notes

Levels and vault maps discovered:
D:1:      shiori_arrival_oz, layout_loops_ring,
          shapermc_ecumenical_altar_notcrosses, hex_tiny, nrook_campfire
D:2:      layout_basic

Skill      XL: |  1 |
---------------+----+-----
Polearms       | 3 |  3.3
Armour         | 2 |  2.1
Fighting       | |  3.2
Dodging        | |  0.8

Action                   || total
-------------------------++-------
Melee: Spear             ||    92
 Stab: Paralysed         ||     1
Armor: Leather armour    ||    13
       Ring mail         ||    44
Dodge: Dodged            ||    53

Table legend: (Time is in decaauts)
 A = Elapsed time spent in this place.
 B = Non-inter-level travel time spent in this place.
 C = Inter-level travel time spent in this place.
 D = Time resting spent in this place.
 E = Time spent auto-exploring this place.
 F = Levels seen in this place.
 G = Mean time per level.
                   A        B        C        D        E       F      G
               +--------+--------+--------+--------+--------+-----+--------+
         Total |    704 |    678 |     26 |      0 |    404 |   2 |  352.0 |
       Dungeon |    704 |    678 |     26 |      0 |    404 |   2 |  352.0 |
               +--------+--------+--------+--------+--------+-----+--------+

Top non-repeatable levels by time:
     D:1: 510 daAuts
     D:2: 193 daAuts
